 Dungeon Crawl Stone Soup version 0.30.0-5-g1a98f26d00 (webtiles) character file.

Game seed: 11350743827716351034

5465 retardedninja the Cleaver (level 10, 0/91 HPs)
             Began as a Hill Orc Fighter on May 10, 2023.
             Was a Follower of Ru.
             Slain by a yak (9 damage)
             ... on level 1 of the Lair of Beasts.
             The game lasted 00:11:25 (9058 turns).

retardedninja the Cleaver (Hill Orc Fighter)        Turns: 9058, Time: 00:11:26

Health: 0/91       AC: 20    Str: 24    XL:     10   Next: 69%
Magic:  10/10      EV:  7    Int:  8    God:    Ru [*.....]
Gold:   414        SH:  6    Dex: 16    Spells: 9/9 levels left

rFire   . . .        a - +1 war axe
rCold   + . .        c - +0 buckler
rNeg    . . .        w - +2 plate armour
rPois   .            m - +0 helmet
rElec   .            (no cloak)
rCorr   .            o - +2 pair of gloves
SInv    .            (no boots)
Will    .....        (no amulet) Stlth
                     r - +6 ring of dexterity
HPRegen 0.35/turn    f - ring of protection from cold
MPRegen 0.12/turn

%: no passive effects
@: about to teleport
A: missing an eye
a: Renounce Religion


You were on level 1 of the Lair of Beasts.
You worshipped Ru.
Ru was aware of your devotion.
You visited 3 branches of the dungeon, and saw 11 of its levels.

You collected 414 gold pieces.

Inventory:

Hand Weapons
 a - a +1 war axe (weapon)
Missiles
 d - a throwing net (quivered)
Armour
 c - a +0 buckler (worn)
 m - a +0 helmet (worn)
 o - a +2 pair of gloves (worn)
 w - a +2 plate armour (worn)
Jewellery
 f - a ring of protection from cold (right hand)
 r - a +6 ring of dexterity (left hand)
Wands
 C - a wand of roots (3)
Scrolls
 b - a scroll of magic mapping
 e - 12 scrolls of teleportation
 g - a scroll of fog
 i - 2 scrolls of immolation
 j - 2 scrolls of amnesia {unknown}
 k - a scroll of identify
 n - a scroll of noise {unknown}
 q - a scroll of poison {unknown}
 x - a scroll of blinking {unknown}
 y - a scroll of fear
Potions
 h - 3 potions of brilliance
 l - a potion of invisibility
 p - a potion of resistance
 s - a potion of lignification
 u - a potion of cancellation
 v - 3 potions of attraction
 z - 2 potions of heal wounds
 A - a potion of curing


   Skills:
 + Level 9.2 Fighting
 - Level 12.8 Axes
 + Level 8.4 Armour
 + Level 8.5 Shields


You had 9 spell levels left.
You didn't know any spells.
Your spell library contained the following spells:

 Spells                   Type           Power      Damage    Failure   Level
 Apportation              Tloc           0%         N/A       99%         1
 Ensorcelled Hibernation  Hex/Ice        0%         N/A       100%        2
 Passwall                 Tmut/Erth      0%         N/A       100%        2
 Swiftness                Air            0%         N/A       100%        3
 Anguish                  Hex/Necr       0%         N/A       100%        4
 Alistair's Intoxication  Tmut/Pois      0%         N/A       100%        5
 Conjure Ball Lightning   Conj/Air       0%         3x3d6     100%        6
 Enfeeble                 Hex            0%         N/A       100%        7
 Discord                  Hex            0%         N/A       100%        8
 Disjunction              Tloc           0%         N/A       100%        8


Dungeon Overview and Level Annotations

Branches:
Dungeon (9/15)             Temple (1/1) D:7            Lair (1/5) D:8
    Orc: D:9-12

Altars:
Ashenzari
Cheibriados
Dithmenos
Elyvilon
Fedhas
Gozag
Hepliaklqana
Kikubaaqudgha
Makhleb
Nemelex Xobeh
Okawaru
Qazlal
Ru
Sif Muna
Uskayaw
Vehumet
Xom
Yredelemnul
Zin
The Shining One

Shops:
D:6 (

Annotations:
D:8 1 runed translucent door


Innate Abilities, Weirdness & Mutations

You are missing an eye, making it more difficult to aim.


Message History

The yak is heavily wounded.
You hit the yak. You barely miss the yak. You closely miss the black mamba.
The black mamba bites you!
You are poisoned.
The black mamba poisons you! The yak gores you but does no damage.
The yak gores you. The yak gores you but does no damage.
The black mamba bites you.
You are more poisoned.
The black mamba poisons you!
You slash the yak!
The yak is moderately wounded.
You hit the yak. You hit the black mamba. You hit the yak.
You feel extremely sick.
The black mamba bites you but does no damage.
The yak gores you. The yak barely misses you. You block the yak's attack.
The black mamba bites you.
You slash the yak!
The yak is severely wounded.
You slash the yak! You hit the wyvern. You barely miss the yak.
You slash the black mamba!
You feel extremely sick. The wyvern bites you.
The black mamba bites you but does no damage.
The yak barely misses you. The yak gores you but does no damage.
The yak closely misses you. The wyvern bites you!
* * * LOW HITPOINT WARNING * * *
You feel better. The black mamba bites you!
* * * LOW HITPOINT WARNING * * *
The black mamba bites you but does no damage.
The yak completely misses you. The yak gores you.
* * * LOW HITPOINT WARNING * * *
You block the yak's attack.
The wyvern bites you but does no damage.
As you read the scroll of teleportation, it crumbles to dust.
You feel strangely unstable.
The black mamba bites you but does no damage.
The wyvern bites you.
* * * LOW HITPOINT WARNING * * *
The yak gores you but does no damage. The yak gores you!
You die...

.... ..... ..... .. .....
... .....#
############... .......
............... .......
............... ........
......lYS...... ........
.......@YS..... ........
....###Y###P...
..##..###.P.#####.## ...
..........#..#.....##....
..#.......#.##...........
..+.......#.##.....##....
..#.........##.....# ...
............##.....# ..
..#.......P........# .


You could see a black mamba, 3 yaks, a water moccasin and a wyvern.

Vanquished Creatures
  A two-headed ogre (D:8)
  An elephant (D:8)
  2 yaks
  A steam dragon (D:6)
  4 water moccasins
  4 orc warriors
  2 ice beasts
  A sky beast (D:8)
  3 black bears (D:8)
  A hornet zombie (D:5)
  3 centaurs
  4 phantoms
  A bullfrog (Lair:1)
  2 water moccasin zombies (D:5)
  5 scorpions
  4 wights (D:8)
  4 killer bees (D:8)
  2 howler monkeys
  4 crimson imps (D:7)
  5 bullfrog zombies (D:5)
  A hound (D:5)
  A jelly (D:6)
  3 orc priests
  2 gnoll boudas
  A sleepcap (D:7)
  2 iguanas
  7 orc wizards
  2 scorpion zombies (D:5)
  3 hound skeletons (D:5)
  A hound zombie (D:5)
  14 gnolls
  12 adders
  A shadow imp (D:5)
  3 white imps
  3 adder zombies (D:5)
  2 worms
  A dart slug (D:4)
  20 orcs
  8 ball pythons
  6 endoplasms
  2 giant cockroaches
  9 goblins
  9 hobgoblins
  3 jackals (D:1)
  5 quokkas
  5 bats
  5 frilled lizards
  9 kobolds
  3 rats
197 creatures vanquished.

Notes
Turn   | Place    | Note
-------+----------+-------------------------------------------
     0 | D:1      | retardedninja the Hill Orc Fighter began the quest for the
                  | Orb.
     0 | D:1      | Reached XP level 1. HP: 19/19 MP: 1/1
    42 | D:1      | Reached skill level 3 in Axes
    64 | D:1      | Reached XP level 2. HP: 14/27 MP: 2/2
   535 | D:1      | Reached XP level 3. HP: 31/33 MP: 3/3
   869 | D:2      | Reached skill level 4 in Axes
   885 | D:2      | Reached XP level 4. HP: 36/40 MP: 4/4
  1576 | D:3      | Reached XP level 5. HP: 44/47 MP: 5/5
  1971 | D:4      | Reached skill level 5 in Axes
  2120 | D:4      | Reached XP level 6. HP: 53/53 MP: 6/6
  2280 | D:4      | Reached skill level 5 in Fighting
  2824 | D:4      | Found a blossoming altar of Fedhas.
  2944 | D:5      | Entered Level 5 of the Dungeon
  2944 | D:5      | Noticed a water moccasin
  2956 | D:5      | Killed a water moccasin
  2957 | D:5      | Reached skill level 6 in Axes
  2957 | D:5      | Reached XP level 7. HP: 51/61 MP: 7/7
  3001 | D:5      | Reached skill level 5 in Armour
  3001 | D:5      | Reached skill level 5 in Shields
  3006 | D:4      | Reached skill level 7 in Axes
  3796 | D:5      | Reached XP level 8. HP: 49/70 MP: 8/8
  3893 | D:5      | Reached skill level 8 in Axes
  4171 | D:5      | Reached skill level 9 in Axes
  4324 | D:5      | HP: 3/71 [orc warrior/+0 scimitar (7)]
  4326 | D:5      | Reached XP level 9. HP: 3/79 MP: 9/9
  4698 | D:6      | Reached skill level 10 in Axes
  5117 | D:6      | Found Qaroepheijet's Weapon Shoppe.
  5584 | D:6      | Found a glowing golden altar of the Shining One.
  5589 | D:6      | Found a shadowy altar of Dithmenos.
  5972 | D:7      | Found a staircase to the Ecumenical Temple.
  6026 | Temple   | Entered the Ecumenical Temple
  6264 | D:7      | You fall into a shaft and drop 2 floors!
  6367 | D:8      | Noticed a two-headed ogre
  6405 | D:7      | HP: 3/81 [yak (6)]
  6409 | D:7      | Reached skill level 11 in Axes
  6950 | D:7      | Found a shimmering altar of Xom.
  7235 | D:7      | Found a sacrificial altar of Ru.
  7253 | D:7      | Became a worshipper of Ru the Awakened
  7456 | D:8      | Reached XP level 10. HP: 60/88 MP: 10/10
  7505 | D:8      | Reached skill level 12 in Axes
  7797 | D:8      | Found a staircase to the Lair.
  7813 | D:8      | Found a runed translucent door.
  7813 | D:8      | Noticed a sixfirhy
  7850 | D:8      | Killed a two-headed ogre
  7974 | D:8      | Noticed an elephant
  8002 | D:8      | Killed an elephant
  8431 | D:8      | Identified the +6 glaive "Imut Ere" {pain, +Blink Fly rC++
                  | Will-}
  8883 | Lair:1   | Entered Level 1 of the Lair of Beasts
  8960 | Lair:1   | Gained mutation: You are missing an eye, making it more
                  | difficult to aim. [Ru sacrifice]
  8960 | Lair:1   | Reached * piety under Ru
  9044 | Lair:1   | Noticed a black mamba
  9058 | Lair:1   | Slain by a yak

Illustrated notes

Levels and vault maps discovered:
D:1:      dpeg_arrival_rooms_c, layout_basic, minmay_vboxes
D:2:      layout_basic, serial_rivers, chequers_serial_rivers_micro_b,
          chequers_serial_rivers_micro_b, chequers_serial_rivers_micro_a,
          chequers_serial_rivers_micro_c
D:3:      layout_basic, serial_rivers, chequers_serial_rivers_small_b,
          chequers_serial_rivers_micro_c, chequers_serial_rivers_room_b,
          chequers_serial_rivers_large_a
D:4:      layout_loops_corners, pf_just_have_faith, hex_large
D:5:      layout_rooms, serial_undead, serial_undead_f, serial_undead_c,
          serial_undead_e, serial_undead_a, serial_undead_a, serial_undead_d,
          serial_undead_c, serial_undead_b, serial_bayou_pond_a
D:6:      layout_basic, minitemple, serial_shops, shop, st_stairs_10,
          hangedman_abyss_or_decor_slice
D:7:      layout_basic, led_xom_imps, nicolae_ru_great_annihilating_truth,
          minmay_temple_entry_water_ring
D:8:      cheibrodos_shockbox, layout_basic, david_lair_generic,
          minmay_misc_feat_hallway
D:9:      layout_basic, serial_aquarium, aquarium_bridge_straight
          [aquarium_subvault_bridge, aquarium_subvault_wall,
          aquarium_subvault_bridge, aquarium_subvault_wall], aquarium_window_2,
          aquarium_window_1, aquarium_window_fake, aquarium_view_2f,
          aquarium_view_2f, aquarium_balcony_1b, nicolae_blasting_shop
Temple:   nicolae_temple_bog_church
Lair:1:   lemuel_reptile_caves, layout_regular_city, gammafunk_ghost_grave,
          lemuel_centaur_altar, lemuel_fruit_fields

Skill      XL: |  1  2  3  4  5  6  7  8  9 10 |
---------------+-------------------------------+-----
Axes           | 3 4 5 6 7 9 11 12 | 12.8
Fighting       | 4 5 7 8 9 |  9.2
Armour         | 4 5 6 7 8 |  8.4
Shields        | 4 5 6 7 8 |  8.5

Action                     |  1- 3 |  4- 6 |  7- 9 | 10-12 || total
---------------------------+-------+-------+-------+-------++-------
  Melee: War axe           |    89 |   129 |   378 |   162 ||   758
 Invoke: Sacrifice an Eye  |       |       |       |     1 ||     1
  Evoke: Wand              |       |       |     4 |     2 ||     6
    Use: Scroll            |       |       |    15 |     1 ||    16
         Potion            |       |       |     3 |     2 ||     5
   Stab: Paralysed         |       |       |     1 |       ||     1
         Invisible         |       |       |       |     2 ||     2
 Armour: Scale mail        |    47 |    81 |       |       ||   128
         Plate armour      |       |    18 |   314 |    93 ||   425
         Skin              |       |       |     1 |       ||     1
  Dodge: Dodged            |    45 |    56 |   102 |    45 ||   248
  Block: Buckler           |    33 |    36 |   115 |    43 ||   227
